 Dungeon Crawl Stone Soup version 0.15.2 (webtiles) character file.

29484 HopeRidesAlone the Martial Artist (level 13, -3/103 HPs)
             Began as a Mummy Monk on Nov 2, 2015.
             Slain by a cyan ugly thing (13 damage)
             ... on Level 9 of the Dungeon.
             The game lasted 01:01:39 (33760 turns).

HopeRidesAlone the Martial Artist (Mummy Monk)     Turns: 33760, Time: 01:01:40

HP  -3/103       AC 10     Str 14      XL: 13   Next: 15%
MP  13/13        EV 19     Int  9      God:
Gold 1017        SH  7     Dex 18      Spells:  0 memorised, 12 levels left

rFire  x . .     SeeInvis +       - Unarmed
rCold  + . .     Clarity  .     (no armour)
rNeg   + + +     rCorr    .     E - +2 buckler
rPois  +         rRot     +     c - +2 helmet
rElec  .         Spirit   .     (no cloak)
SustAb .         Warding  .     F - +0 pair of gloves
rMut   .         Stasis   .     j - +0 pair of boots
Gourm  .                        (no amulet)
MR     +....                    u - ring "Psiunag" {Slay+4 SInv}
                                m - +5 ring of protection

@: somewhat resistant to hostile enchantments, stealthy
A: no food or potions, fire vulnerability, in touch with death, restore body,
cold resistance 1, negative energy resistance 3, poison resistance, torment
resistance, unbreathing
a: Self-Restoration


You were on level 9 of the Dungeon.
You were not hungry.

You visited 2 branches of the dungeon, and saw 18 of its levels.

You collected 1017 gold pieces.


Innate Abilities, Weirdness & Mutations

You do not eat or drink.
Your flesh is vulnerable to fire.
You are in touch with the powers of death.
You can restore your body by infusing magical energy.
Your flesh is cold resistant.
You are immune to negative energy.
Your system is resistant to poisons.
You are immune to unholy pain and torment.
You can survive without breathing.


   Skills:
 - Level 10.0 Fighting
 + Level 9.3 Dodging
 - Level 7.0 Stealth
 - Level 4.1 Shields
 - Level 13.0 Unarmed Combat


You had 12 spell levels left.
You didn't know any spells.

Inventory:

Armour
 a - a +0 robe
 c - a +2 helmet (worn)
 j - a +0 pair of boots (worn)
 E - a +2 buckler (worn)
 F - a +0 pair of gloves (worn)
Comestibles
 z - 9 fruits (quivered)
Scrolls
 b - 3 scrolls of fog
 f - a scroll of brand weapon
 g - 6 scrolls of teleportation {@r4}
 h - a scroll of immolation {!r}
 i - 2 scrolls of recharging
 k - a scroll of enchant weapon
 l - 4 scrolls of amnesia
 o - 5 scrolls of random uselessness
 p - 5 scrolls of remove curse
 v - a scroll of noise {!r}
 w - 2 scrolls of identify {@r1}
 y - a scroll of torment
 D - a scroll of summoning
Jewellery
 d - an uncursed ring of loudness
 m - a +5 ring of protection (left hand)
 r - an uncursed ring of see invisible
 u - the ring "Psiunag" (right hand) {Slay+4 SInv}
   (You found it on level 6 of the Lair of Beasts)

   [ring of see invisible]

   It affects your accuracy and damage with ranged weapons and melee attacks
   (+4).
   It enhances your eyesight.
 x - an uncursed ring of teleportation

Dungeon Overview and Level Annotations

Branches:
Dungeon (11/15)            Temple (0/1) D:7             Orc (0/4) D:9
   Lair (7/8) D:8          Shoals (0/5) Lair:6       Spider (0/5) Lair:6
  Slime (0/6) Lair:6

Altars:
Elyvilon
Kikubaaqudgha
Makhleb
Okawaru
Qazlal
Sif Muna
The Shining One
Beogh
Jiyva

Shops:
D:9 !

Portals:
Ice
Cave: Lair:7

Annotations:
D:6 exclusion: oklob plant
D:7 GLAIVE
Lair:2 exclusion: downstairs
Lair:3 exclusion: komodo dragon
Lair:4 exclusion: upstairs, Maud
Lair:5 HEIL HYDRA, exclusion: downstairs
Lair:6 Erica

#..### ####
#....### ####..##
##.....###......##
##..............#
##..............
##..#######..###
##..## ##.#..
##Y### #.#.. #####
##M## ###.. ....##
###u## #.. ###..##
##..h# #########..
##..### ##...##
##.......##8
##...###....#
#...........
##.(......##
#.........#.
##<......##
##..........
##.......##
########..#
###......# #).#


You could see a cyan ugly thing, a yak and a friendly hound.


Message History

The cyan ugly thing is lightly wounded.
You hit the cyan ugly thing.
The cyan ugly thing is lightly wounded.
The cyan ugly thing kicks you. The cyan ugly thing shocks you!
* * * LOW HITPOINT WARNING * * *
The yak gores you but does no damage.
You barely miss the cyan ugly thing.
The cyan ugly thing is lightly wounded.
The cyan ugly thing kicks you.
* * * LOW HITPOINT WARNING * * *
The cyan ugly thing shocks you!
* * * LOW HITPOINT WARNING * * *
The yak closely misses you.
You punch the cyan ugly thing!
The cyan ugly thing is moderately wounded.
The cyan ugly thing kicks you but does no damage.
The yak barely misses you.
You hit the cyan ugly thing but do no damage.
The cyan ugly thing is moderately wounded.
The cyan ugly thing kicks you.
* * * LOW HITPOINT WARNING * * *
The cyan ugly thing shocks you!
* * * LOW HITPOINT WARNING * * *
The yak closely misses you.
Read which item? (? for menu, Esc to quit)
As you read the scroll of summoning, it crumbles to dust.
Wisps of shadow whirl around you... The cyan ugly thing kicks you!
* * * LOW HITPOINT WARNING * * *
The cyan ugly thing shocks you!
You die...

Action                   |  1- 3 |  4- 6 |  7- 9 | 10-12 | 13-15 || total
-------------------------+-------+-------+-------+-------+-------++-------
Melee: Unarmed           |   176 |   367 |   854 |  1554 |   152 ||  3103
 Fire: Blowgun           |       |       |     5 |    48 |       ||    53
  Use: Scroll            |       |       |    10 |    10 |     5 ||    25
 Stab: Sleeping          |     1 |     1 |     4 |    12 |     3 ||    21
       Distracted        |       |       |       |     3 |       ||     3

Vault maps used:
D:1:      minmay_arrival_doors
D:2:      serial_park_square1, tgw_kikubaaqudgha
D:3:      kennysheep_the_goblin_king, first_bread, uniq_terence
D:4:      uniq_grinder
D:6:      nicolae_qazlal_eye_of_the_storm, tgw_sif,
          nicolae_overflow_hidden_temple, lemuel_doored_altar,
          portal_sewer_entry_e, lemuel_oklob_altar, uniq_eustachio
D:7:      minmay_temple_entry_nine_rooms, basic_altar, grunt_livestock
D:8:      erik_lair_orcish_takeover
D:9:      david_orc_5, serial_shops, nicolae_shop_crystal
D:11:     uniq_maurice, uniq_harold
Lair:1:   uniq_joseph
Lair:2:   grunt_megastairs_4, lemuel_fruit_fields, serial_bayou_shore_b
Lair:3:   forest_entry_grove, infiniplex_staircase_pool_2, lemuel_fruit_fields
Lair:4:   serial_bayou, serial_bayou_pond_b, serial_bayou_pond_d,
          serial_bayou_pond_a, serial_bayou_pond_e, serial_bayou_pond_a
Lair:5:   minmay_lair_oklob_tunnel, grunt_forest_stairs_clearing
Lair:6:   minmay_shoals_entry_beasts, dummy_spider_entry, slime_altar_1,
          uniq_erica, uniq_maud
Lair:7:   portal_ice_cave_entry_ice_beasts, columned_hall_lemuel,
          roderic_lost_polar_bear, lemuel_fruit_tree

Notes
Turn   | Place    | Note
--------------------------------------------------------------
     0 | D:1      | HopeRidesAlone, the Mummy Monk, began the quest for the Orb.
     0 | D:1      | Reached XP level 1. HP: 18/18 MP: 1/1
   346 | D:1      | Reached XP level 2. HP: 22/24 MP: 2/2
  1138 | D:2      | Reached skill level 4 in Unarmed Combat
  1190 | D:2      | Found an ancient bone altar of Kikubaaqudgha.
  1192 | D:2      | Reached XP level 3. HP: 29/29 MP: 3/3
  1202 | D:2      | Noticed a human
  1204 | D:2      | Killed a human
  1891 | D:2      | Reached XP level 4. HP: 4/35 MP: 4/4
  2387 | D:3      | Noticed Terence
  2681 | D:3      | Noticed Ijyb
  2788 | D:3      | Killed Ijyb
  2788 | D:3      | Reached skill level 5 in Unarmed Combat
  3129 | D:3      | Reached XP level 5. HP: 21/41 MP: 5/5
  3479 | D:4      | Noticed Grinder
  3483 | D:4      | Paralysed by Grinder for 4 turns
  4187 | D:4      | Noticed an ogre
  4255 | D:4      | Reached skill level 6 in Unarmed Combat
  4255 | D:4      | Reached XP level 6. HP: 42/47 MP: 6/6
  4347 | D:4      | Paralysed by Grinder for 2 turns
  4351 | D:5      | Entered Level 5 of the Dungeon
  4380 | D:5      | Noticed a water moccasin
  4395 | D:5      | Killed a water moccasin
  4395 | D:5      | Reached skill level 4 in Fighting
  4751 | D:5      | Reached skill level 5 in Fighting
  4869 | D:5      | Reached XP level 7. HP: 50/56 MP: 7/7
  5363 | D:6      | Found a white marble altar of Elyvilon.
  5391 | D:6      | Reached skill level 6 in Fighting
  5590 | D:6      | Reached skill level 3 in Dodging
  5601 | D:6      | Found a burning altar of Makhleb.
  5728 | D:6      | Found an iron altar of Okawaru.
  5728 | D:6      | Noticed an oklob plant
  5882 | D:6      | Noticed Eustachio
  5922 | D:6      | Killed Eustachio
  5922 | D:6      | Reached skill level 4 in Dodging
  5922 | D:6      | Reached XP level 8. HP: 44/65 MP: 8/8
  6320 | D:6      | Found a stormy altar of Qazlal.
  6632 | D:6      | Reached skill level 5 in Dodging
  6642 | D:6      | Found a deep blue altar of Sif Muna.
  6827 | D:4      | Paralysed by Grinder for 6 turns
  6843 | D:4      | Killed Grinder
  6843 | D:4      | Reached skill level 6 in Dodging
  6969 | D:4      | Killed an ogre
  7441 | D:3      | Killed Terence
  8076 | D:6      | Reached skill level 7 in Dodging
  8268 | D:7      | Reached XP level 9. HP: 64/71 MP: 9/9
  8366 | D:7      | Found a glowing golden altar of the Shining One.
  8700 | D:7      | Found a staircase to the Ecumenical Temple.
  8759 | D:7      | Reached skill level 7 in Unarmed Combat
  9225 | D:7      | Reached skill level 8 in Unarmed Combat
  9485 | D:8      | Found a staircase to the Lair.
  9892 | D:7      | Reached skill level 9 in Unarmed Combat
 10900 | D:9      | Found Chiuxtok's Distillery.
 10990 | D:9      | Reached XP level 10. HP: 75/77 MP: 10/10
 11858 | D:9      | Found a roughly hewn altar of Beogh.
 11859 | D:9      | Found a staircase to the Orcish Mines.
 11963 | D:8      | Reached skill level 10 in Unarmed Combat
 12577 | D:10     | Entered Level 10 of the Dungeon
 12642 | Lair:1   | Entered Level 1 of the Lair of Beasts
 12669 | Lair:1   | Noticed Joseph
 12708 | D:8      | Reached skill level 7 in Fighting
 13245 | D:8      | Killed Joseph
 14081 | Lair:1   | Reached skill level 8 in Fighting
 14648 | D:8      | Reached skill level 9 in Fighting
 14878 | D:8      | Got a twisted cutlass
 15092 | Lair:1   | Reached skill level 10 in Fighting
 15168 | Lair:1   | Reached skill level 2 in Stealth
 15197 | Lair:1   | Reached skill level 3 in Stealth
 15484 | Lair:2   | Reached XP level 11. HP: 68/90 MP: 11/11
 15516 | Lair:2   | Reached skill level 4 in Stealth
 16066 | Lair:2   | Reached skill level 5 in Stealth
 16244 | Lair:2   | Reached skill level 6 in Stealth
 17481 | Lair:2   | Reached skill level 7 in Stealth
 18806 | Lair:3   | HP: 8/90 [wolf (5)]
 19375 | Lair:3   | Reached skill level 11 in Unarmed Combat
 19602 | Lair:3   | HP: 5/90 [komodo dragon (22)]
 20078 | Lair:2   | Reached skill level 1 in Shields
 20881 | Lair:3   | Reached skill level 2 in Shields
 21315 | Lair:3   | Reached skill level 3 in Shields
 21842 | Lair:3   | Reached XP level 12. HP: 65/97 MP: 12/12
 21971 | Lair:5   | Reached skill level 4 in Shields
 23227 | Lair:4   | Reached skill level 8 in Dodging
 24213 | Lair:4   | HP: 8/97 [water moccasin (5)]
 25038 | Lair:5   | Reached skill level 9 in Dodging
 26561 | Lair:6   | Found a hole to the Spider Nest.
 26643 | Lair:5   | Reached skill level 12 in Unarmed Combat
 27262 | Lair:6   | Noticed Erica
 27315 | Lair:6   | Noticed Maud
 27326 | Lair:6   | Noticed a six-headed hydra
 29172 | Lair:6   | Noticed a six-headed hydra
 29619 | Lair:6   | Found a staircase to the Shoals.
 29781 | Lair:6   | Reached XP level 13. HP: 72/103 MP: 13/13
 30504 | Lair:6   | Found a staircase to the Slime Pits.
 30506 | Lair:6   | Found a viscous altar of Jiyva.
 30976 | Lair:6   | Reached skill level 13 in Unarmed Combat
 31012 | Lair:6   | Got a sparkling bone ring
 31014 | Lair:6   | Identified the ring "Psiunag" {Slay+4 SInv} (You found it on level 6 of the Lair of Beasts)
 31683 | Lair:7   | Found a frozen archway.
 33738 | D:9      | Identified the cursed +0 cutlass of Xusaq {slice, +Blink rPois} (You found it on level 8 of the Dungeon)
 33760 | D:9      | HP: 10/103 [cyan ugly thing (10)]
 33760 | D:9      | Slain by a cyan ugly thing

Vanquished Creatures
  2 griffons (Lair:6)
  A manticore (Lair:6)
  3 elephants (Lair:5)
  Joseph (D:8)
  3 black mambas
  12 spiny frogs
  An item mimic (Lair:4)
  A komodo dragon (Lair:5)
  3 fire drakes
  Grinder (D:4)
  3 polar bears
  14 blink frogs
  A basilisk (Lair:5)
  3 spriggans
  33 yaks
  A wyvern (D:8)
  A hog (D:7)
  Eustachio (D:6)
  A human (D:7)
  16 wolves
  2 wargs (D:8)
  15 porcupines
  10 hippogriffs
  12 water moccasins
  5 orc warriors
  A sky beast (D:8)
  7 ogres
  A phantom (D:6)
  3 black bears
  7 crocodiles
  2 big kobolds (D:7)
  12 giant frogs
  A scorpion (D:6)
  3 electric eels
  A quasit (D:8)
  3 crimson imps
  An elf zombie (D:9)
  A goliath beetle (D:8)
  6 orc priests
  4 jellies
  10 orc wizards
  A two-headed ogre skeleton (D:7)
  17 hounds
  11 iguanas
  10 sheep
  9 worker ants
  Ijyb (D:3)
  An ogre skeleton (D:4)
  Terence (D:3)
  A hound skeleton (D:4)
  15 adders
  29 green rats
  A giant mite (D:2)
  7 worms
  An adder skeleton (D:4)
  An adder zombie (D:6)
  2 oozes
  56 orcs
  12 bats
  A bat skeleton (D:6)
  6 giant cockroaches
  19 goblins
  17 hobgoblins
  14 quokkas
  4 ball pythons
  5 giant geckos
  A giant newt (D:4)
  A giant spore (D:4)
  2 hobgoblin skeletons
  3 jackals (D:5)
  A jackal zombie (D:8)
  18 kobolds
  13 rats
  A rat skeleton (D:5)
  21 ballistomycetes
  A fungus (Lair:3)
513 creatures vanquished.

Vanquished Creatures (others)
  A human (D:2)
  3 giant spores
  2 fungi (Lair:3)
6 creatures vanquished.

Grand Total: 519 creatures vanquished
